Map: Année zéro EC

Players

BeenAwhile - Winner!

  • Race: Protoss Protoss
  • Spawn Location: 11:00

Sorandom

  • Race: Zerg Zerg
  • League: Diamond
  • Spawn Location: 1:00

VOD

Have the link to the VOD?

Description

Time

  • Played on: April 9, 2019, 7:53 p.m.
  • Length: 12:53
Show
View Real Time Build Order
Export as new Build Order

BeenAwhile Protoss - Winner!

Build Orders: Forge Fast Expand (FFE), Archon Immortal 

Get SALT Encoding   

  12  0:00  Probe  
  13  0:13  Probe  
  14  0:20  Pylon  
  14  0:25  Probe  
  15  0:34  Probe  
  16  0:42  Probe  
  16  0:43  Forge  
  17  0:53  Probe  
  18  1:05  Probe  
  19  1:13  Gateway  
  19  1:17  Probe  
  20  1:27  Assimilator  
  20  1:37  Nexus  
  20  1:42  Probe  
  21  1:54  Probe  
  22  1:57  Pylon  
  22  2:00  Pylon  
  22  2:02  Probe  
  23  2:14  Cybernetics Core  
  23  2:20  Zealot  
  24  2:26  Pylon  
  24  2:30  Probe  
  24  2:33  Assimilator  
  25  2:42  Probe  
  25  2:45  Protoss Ground Weapons Level 1  
  26  2:54  Probe x2  
  28  3:02  Stalker  
  30  3:10  Warp Gate  
  30  3:11  Probe  
  30  3:12  Probe  
  32  3:21  Probe  
  32  3:25  Probe  
  33  3:29  Probe  
  33  3:33  Robotics Facility, Probe  
  35  3:38  Probe  
  36  3:43  Probe, Pylon  
  36  3:47  Assimilator  
  38  3:49  Assimilator  
  38  3:50  Probe  
  38  3:51  Probe  
  38  3:53  Stalker  
  42  3:59  Probe  
  42  4:02  Probe  
  43  4:03  Gateway  
  43  4:05  Gateway  
  44  4:10  Twilight Council  
  44  4:14  Probe  
  44  4:18  Probe  
  44  4:22  Probe  
  46  4:26  Observer  
  46  4:30  Probe  
  49  4:32  Probe  
  49  4:33  Pylon  
  49  4:35  Pylon  
  50  4:42  Probe  
  50  4:44  Probe  
  52  4:54  Probe  
  52  4:58  Warp Prism  
  52  4:59  Probe, Protoss Ground Weapons Level 2  
  56  5:06  Probe, Adept x3  
  63  5:15  Charge  
  63  5:19  Probe x2  
  65  5:23  Pylon  
  65  5:27  Pylon  
  65  5:28  Nexus  
  65  5:30  Zealot  
  65  5:31  Probe  
  65  5:34  Pylon  
  68  5:36  Pylon  
  68  5:39  Sentry  
  70  5:46  Stalker  
  72  5:55  Immortal  
  72  5:56  Sentry  
  78  5:58  Probe x2  
  80  6:10  Probe x2  
  82  6:13  Gateway  
  82  6:15  Gateway  
  82  6:16  Templar Archives  
  82  6:25  Adept  
  82  6:26  Adept x2  
  82  6:29  Probe x2  
  90  6:38  Immortal  
  94  6:41  Probe x2  
  96  6:53  Probe  
  96  6:54  Blink  
  97  6:58  Shield Battery  
  97  6:59  Shield Battery  
  97  7:01  Shield Battery, Stalker x3  
  99  7:08  Zealot  
  105  7:14  Probe x3  
  105  7:15  Psionic Storm  
  108  7:18  Protoss Ground Armor Level 1  
  108  7:19  Zealot  
  108  7:26  Probe x2  
  110  7:36  Zealot x3  
  116  7:37  Zealot  
  105  7:44  Probe x3  
  105  7:48  Sentry  
  110  7:52  Assimilator  
  110  7:54  Assimilator  
  110  7:56  Probe x3  
  110  7:57  Gateway  
  113  7:59  Gateway  
  113  8:01  Pylon  
  113  8:06  Pylon  
  113  8:08  Probe x3  
  113  8:09  Pylon  
  113  8:11  Pylon  
  116  8:13  Pylon  
  116  8:20  Probe x2  
  116  8:21  Probe  
  116  8:22  Immortal  
  123  8:30  Robotics Facility  
  123  8:32  Probe  
  123  8:33  Probe x2  
  126  8:43  Nexus  
  126  8:54  Probe x2  
  124  9:01  Immortal, Pylon  
  124  9:02  Pylon  
  124  9:05  Assimilator  
  124  9:08  High Templar x2  
  124  9:09  High Templar x3  
  138  9:10  Assimilator  
  138  9:13  Pylon  
  138  9:16  Immortal  
  138  9:19  Gateway  
  138  9:21  Gateway  
  138  9:22  Gateway  
  142  9:33  Protoss Ground Armor Level 2  
  142  9:36  Observer  
  142  9:39  Forge  
  142  9:41  Photon Cannon  
  142  9:42  Probe x2  
  142  9:44  Photon Cannon  
  142  9:45  Shield Battery  
  145  9:49  High Templar x5  
  153  9:53  Archon x2  
  153  9:58  Immortal  
  157  10:13  Zealot x2  
  147  10:54  Observer x2  
  149  10:57  Zealot x6  
  149  10:58  Zealot  
  163  11:15  Immortal x2  
  171  11:46  Nexus, Colossus x2  
  171  11:51  Dark Shrine  
  171  12:05  Zealot x9  
  171  12:06  Zealot  
  165  12:39  Archon x2  
  165  12:40  Archon  
Show
View Real Time Build Order
Export as new Build Order

Sorandom Zerg 

Build Orders: Pool First 

Get SALT Encoding   

  12  0:01  Drone  
  13  0:13  Overlord  
  13  0:18  Drone  
  14  0:32  Drone x2  
  16  0:36  Drone  
  17  0:47  Spawning Pool  
  16  0:54  Overlord  
  16  1:02  Drone  
  17  1:11  Drone  
  17  1:17  Extractor  
  17  1:20  Drone  
  18  1:33  Hatchery  
  18  1:35  Drone  
  18  1:49  Drone  
  18  1:52  Zergling x2  
  20  1:56  Queen  
  22  2:02  Zergling x2  
  23  2:24  Drone x2  
  25  2:31  Metabolic Boost, Queen  
  25  2:35  Drone  
  28  2:47  Drone x2  
  30  2:54  Overlord  
  30  3:02  Drone  
  32  3:05  Drone  
  32  3:06  Drone x2  
  34  3:13  Zergling x4  
  36  3:21  Spore Crawler  
  36  3:26  Drone x2  
  37  3:29  Roach Warren  
  36  3:37  Queen  
  36  3:39  Drone x3  
  41  3:41  Drone  
  42  3:50  Overlord  
  43  4:02  Drone  
  43  4:03  Drone  
  43  4:08  Lair  
  44  4:10  Hatchery  
  44  4:11  Roach  
  44  4:15  Drone x2  
  47  4:19  Extractor, Drone  
  47  4:20  Drone  
  47  4:22  Drone  
  49  4:35  Roach  
  51  4:47  Overlord x6  
  51  4:54  Extractor  
  51  4:56  Roach  
  52  5:05  Queen  
  54  5:08  Drone x2  
  54  5:09  Drone x4  
  54  5:11  Overseer  
  60  5:16  Drone  
  61  5:28  Drone  
  61  5:42  Roach x9  
  79  5:51  Evolution Chamber  
  79  5:54  Evolution Chamber  
  77  6:00  Nydus Network, Roach x3  
  77  6:01  Zergling x4  
  77  6:02  Zergling x10  
  89  6:12  Zergling x12  
  95  6:29  Zergling x4  
  97  6:48  Zerg Missile Weapons Level 1  
  97  6:49  Zerg Ground Armor Level 1  
  97  6:50  Overlord x9  
  97  6:54  Spore Crawler  
  96  7:11  Roach x3  
  96  7:12  Roach x2  
  101  7:32  Roach  
  101  7:36  Roach x2  
  101  7:37  Roach x3  
  81  7:50  Drone  
  77  7:54  Drone x6  
  77  7:56  Extractor  
  82  8:02  Roach  
  82  8:03  Roach x3  
  90  8:29  Hydralisk Den, Drone x7  
  90  8:30  Drone x2  
  90  8:33  Spine Crawler  
  97  8:34  Extractor  
  95  8:46  Hatchery  
  92  8:59  Zerg Missile Weapons Level 2, Zerg Ground Armor Level 2  
  92  9:00  Hydralisk x3  
  98  9:04  Drone x8  
  106  9:14  Overseer  
  106  9:18  Extractor  
  106  9:19  Drone  
  106  9:20  Drone x4  
  106  9:23  Hydralisk  
  112  9:26  Glial Reconstitution, Grooved Spines  
  112  9:40  Drone x3  
  114  9:50  Hydralisk  
  114  9:51  Hydralisk x6  
  128  10:01  Hydralisk x2  
  128  10:02  Hydralisk  
  128  10:04  Roach  
  128  10:05  Roach  
  128  10:06  Roach  
  140  10:09  Roach  
  141  10:15  Roach  
  141  10:16  Roach x2  
  142  10:28  Hydralisk x3  
  141  10:32  Roach x7  
  143  10:44  Hydralisk x4  
  149  10:53  Roach x3  
  155  11:04  Spire  
  154  11:26  Hydralisk x4  
  154  11:32  Hatchery  
  161  11:43  Hatchery  
  160  11:52  Overlord  
  160  11:53  Overlord x5  
  160  11:56  Hydralisk  
  160  12:12  Hydralisk x3  
  160  12:13  Hydralisk x5  
  169  12:17  Drone  
Tags
 
Add a new tag
Caveats
  • Supply blocks, unpowered buildings, or Contaminate may cause inaccurate times.
  • Supply counts are checked every 10 seconds.